 Dungeon Crawl Stone Soup version 0.25-b1-37-g2669288c55 (webtiles) character file.

Game seed: 7371003163251965026

18342 diana the Protected (level 12, -2/98 HPs)
             Began as a Demonspawn Fighter on June 5, 2020.
             Was a High Priest of Okawaru.
             Killed by refrigeration
             ... invoked by Fannar
              (30 damage)
             ... on level 11 of the Dungeon.
             The game lasted 00:21:08 (14682 turns).

diana the Protected (Demonspawn Fighter)           Turns: 14682, Time: 00:21:09

Health: -2/98      AC: 22    Str: 20    XL:     12   Next: 26%
Magic:  17/17      EV:  6    Int: 11    God:    Okawaru [*****.]
Gold:   502        SH: 11    Dex: 23    Spells: 11/11 levels left

rFire    . . .     SeeInvis .   D - +0 morningstar
rCold    . . .     Gourm    .   c - +0 kite shield
rNeg     . . .     Faith    .   H - +0 crystal plate armour
rPois    .         Spirit   .   t - +0 helmet
rElec    .         Reflect  .   P - scarf {repulsion}
rCorr    .         Harm     .   (no gloves)
MR       .....                  (no boots)
Stlth    ..........             A - amulet of the acrobat
HPRegen  0.26/turn              z - +6 ring of dexterity
MPRegen  0.15/turn              E - +4 ring of evasion

@: repel missiles
A: claws 2, thin skeletal structure 2, spiny 2, rot immunity
a: Heroism, Finesse, Renounce Religion


You were on level 11 of the Dungeon.
You worshipped Okawaru.
Okawaru was extremely pleased with you.
You were near starving.

You visited 1 branch of the dungeon, and saw 12 of its levels.

You collected 502 gold pieces.

Inventory:

Hand Weapons
 D - a +0 morningstar (weapon)
Armour
 b - a +0 scale mail
 c - a +0 kite shield (worn)
 t - a +0 helmet (worn)
 H - a +0 crystal plate armour (worn)
 O - a +2 hat
 P - a scarf of repulsion (worn)
Jewellery
 z - a +6 ring of dexterity (left claw)
 A - an amulet of the acrobat (around neck)
 E - a +4 ring of evasion (right claw)
 M - an uncursed ring of resist corrosion
 N - an uncursed amulet of reflection {unknown}
Wands
 a - a wand of random effects (49)
 s - a wand of iceblast (7)
 y - a wand of clouds (7)
 J - a wand of flame (30)
 Q - a wand of disintegration (8)
Scrolls
 e - a scroll of fog {unknown}
 g - a scroll of random uselessness {unknown}
 h - 10 scrolls of remove curse
 i - 6 scrolls of identify
 j - 2 scrolls of fear
 l - 2 scrolls of teleportation
 m - a scroll of blinking {unknown}
 q - a scroll of enchant weapon {unknown}
 u - a scroll of enchant armour {unknown}
 w - a scroll of immolation
 C - 2 scrolls of amnesia {unknown}
 G - a scroll of magic mapping {unknown}
 K - a scroll of acquirement {unknown}
Potions
 d - 4 potions of might
 k - a potion of cancellation {unknown}
 n - a potion of ambrosia {unknown}
 o - a potion of brilliance
 p - 2 potions of lignification {unknown}
 r - a potion of magic {unknown}
 v - 2 potions of heal wounds {unknown}
 x - 2 potions of flight {unknown}
 B - a potion of haste {unknown}
 F - 2 potions of mutation {unknown}
 L - 2 potions of degeneration {unknown}
Comestibles
 f - 23 rations


   Skills:
 + Level 10.4 Fighting
 + Level 9.3 Maces & Flails
 * Level 11.6 Armour
 - Level 6.2 Shields
 - Level 7.0 Invocations


You had 11 spell levels left.
You didn't know any spells.
Your spell library contained the following spells:

 Spells                   Type           Power        Failure   Level  Hunger
 Corona                   Hex            #......      100%        1    ##.....
 Freeze                   Ice            #...         100%        1    ##.....
 Slow                     Hex            #.......     100%        2    ###....
 Confusing Touch          Hex            #.......     100%        3    ####...
 Frozen Ramparts          Ice            #.....       100%        3    ####...
 Gell's Gravitas          Tloc           #.........   100%        3    ####...
 Inner Flame              Hex/Fire       #.......     100%        3    ####...
 Ozocubu's Armour         Chrm/Ice       #.......     100%        3    ####...
 Portal Projectile        Hex/Tloc       #.....       100%        3    ####...
 Cause Fear               Hex            #.........   100%        4    #####..
 Hailstorm                Conj/Ice       #.......     100%        4    #####..
 Leda's Liquefaction      Hex/Erth       #.........   100%        4    #####..
 Petrify                  Tmut/Erth      #.......     100%        4    #####..
 Summon Ice Beast         Ice/Summ       #.......     100%        4    #####..
 Metabolic Englaciation   Hex/Ice        #.........   100%        5    ######.
 Yara's Violent Unravell  Hex/Tmut       #.........   100%        5    ######.


Dungeon Overview and Level Annotations

Branches:
Dungeon (12/15)            Temple (0/1) D:4            Lair (0/6) D:9
    Orc (0/2) D:9

Altars:
Ashenzari
Dithmenos
Elyvilon
Makhleb
Nemelex Xobeh
Okawaru
Qazlal
Trog
Xom
Yredelemnul
Zin
The Shining One

Shops:
D:10 =   D:11 *[

Annotations:
D:11 Fannar


Innate Abilities, Weirdness & Mutations

You have very sharp fingernails.
You have a moderately thin skeletal structure. (Dex +4, Stealth+)
You are mostly covered in sharp spines.
You are immune to rotting.


Message History

You kill the ice beast!
Fannar gestures wildly while chanting.
Unknown command.
You closely miss Fannar.
Fannar is severely wounded.
Fannar casts a spell at you. The bolt of cold hits you!
* * * LOW HITPOINT WARNING * * *
You block the ice beast's attack.
Unknown command.
You sock Fannar!
Fannar is almost dead.
Fannar is struck by your spines. Fannar hits you but does no damage.
You block the ice beast's attack.
You hit Fannar but do no damage.
Fannar is almost dead.
Fannar casts a spell.
Fannar drains the heat from the surrounding environment!
You feel very cold.
You die...

..........##..###.## #.......###
#........####.# #..####.......#
##.......# #.###.........#...##
##.......####..##........###...##
#....)....##......##...#..###...#
.............###..###.###.###....
####......#..# #..# #.# #..##....
# #......##.####.###.####..#.[..
# ##.....###...#@e##...###.....##
###.^....###..#Y..............###
.#..#####.#..####.##..####......#
#..## ##....# ##.###.###...###..
...#####....## #.## ###.....# ##.
.##.........# ##.# #...##.# ##
###.#######.###.## #.####.# # #.#
#...#### ##.# #.# # #.#
####.....### ##.## ###


You could see Fannar (icy armour) and an ice beast (summoned).

Vanquished Creatures
  Snorg (D:11)
  Harold (D:9)
  Erica (D:8)
  A centaur warrior (D:9)
  3 two-headed ogres
  A deep troll earth mage (D:9)
  An unseen horror (D:11)
  Joseph (D:8)
  Maurice (D:8)
  A freezing wraith (D:9)
  2 trolls (D:9)
  A hornet (D:11)
  3 hippogriffs
  A wraith (D:11)
  Grum (D:8)
  26 yaks
  3 hungry ghosts
  A water moccasin (D:7)
  3 orc warriors
  A black bear (D:9)
  3 ice beasts
  6 sky beasts
  3 phantoms
  An eye of draining (D:9)
  A necrophage (D:5)
  4 ogres
  2 wolves (D:8)
  7 centaurs
  A crocodile (D:9)
  7 bullfrogs
  A big kobold (D:8)
  A scorpion (D:7)
  11 killer bees
  A wight (D:6)
  6 howler monkeys
  5 crimson imps
  3 bullfrog zombies
  8 hounds
  A gnoll shaman (D:8)
  5 jellies
  2 orc priests
  4 bullfrog skeletons
  A centaur skeleton (D:4)
  3 iguanas
  6 orc wizards
  12 worker ants
  2 hound zombies
  4 hound skeletons
  A worker ant zombie (D:6)
  12 gnolls
  A howler monkey skeleton (D:5)
  12 adders
  3 shadow imps
  A white imp (D:8)
  An ooze (D:1)
  An adder skeleton (D:4)
  An adder zombie (D:9)
  2 worms
  5 dart slugs
  5 leopard geckos
  38 orcs
  2 ball pythons
  10 bats
  11 giant cockroaches
  6 goblins
  3 hobgoblins
  11 jackals
  5 quokkas
  3 frilled lizards
  A goblin zombie (D:8)
  3 hobgoblin zombies (D:8)
  A jackal skeleton (D:5)
  7 kobolds
  A kobold skeleton (D:8)
  A leopard gecko skeleton (D:5)
  An orc skeleton (D:8)
  4 orc zombies (D:8)
  A quokka zombie (D:5)
  6 rats
325 creatures vanquished.

Vanquished Creatures (others)
  43 fungi (D:9)
  42 plants (D:9)
85 creatures vanquished.

Grand Total: 410 creatures vanquished

Notes
Turn   | Place    | Note
-------+----------+-------------------------------------------
     0 | D:1      | diana the Demonspawn Fighter began the quest for the Orb.
     0 | D:1      | Reached XP level 1. HP: 18/18 MP: 1/1
    74 | D:1      | Gained mutation: You have sharp fingernails. [demonic
                  | ancestry]
    74 | D:1      | Reached XP level 2. HP: 24/24 MP: 2/2
   344 | D:1      | Reached skill level 3 in Armour
   491 | D:1      | Reached XP level 3. HP: 28/29 MP: 3/3
  1454 | D:2      | Found a shattered altar of Ashenzari.
  1542 | D:2      | Found a glowing silver altar of Zin.
  1653 | D:2      | Gained mutation: You are immune to rotting. [demonic
                  | ancestry]
  1653 | D:2      | Reached XP level 4. HP: 29/36 MP: 4/4
  1902 | D:3      | Found an iron altar of Okawaru.
  1926 | D:3      | Became a worshipper of Warmaster Okawaru
  2043 | D:3      | Found a stormy altar of Qazlal.
  2111 | D:3      | You fall into a shaft and drop 1 floor!
  2142 | D:4      | Gained mutation: You have a somewhat thin skeletal
                  | structure. (Dex +2, Stealth) [demonic ancestry]
  2142 | D:4      | Reached XP level 5. HP: 29/42 MP: 5/5
  2270 | D:4      | Found a staircase to the Ecumenical Temple.
  3252 | D:4      | Gained mutation: You have a moderately thin skeletal
                  | structure. (Dex +4, Stealth+) [demonic ancestry]
  3252 | D:4      | Reached XP level 6. HP: 29/48 MP: 6/6
  3434 | D:4      | Found a shattered altar of Ashenzari.
  3553 | D:5      | Entered Level 5 of the Dungeon
  3567 | D:5      | Noticed a sky beast
  3593 | D:5      | Killed a sky beast
  3593 | D:5      | Reached skill level 4 in Armour
  4058 | D:5      | Reached * piety under Okawaru
  4083 | D:5      | Reached XP level 7. HP: 50/55 MP: 7/7
  4606 | D:5      | Reached skill level 5 in Fighting
  5676 | D:5      | Found a burning altar of Makhleb.
  5778 | D:6      | Reached skill level 5 in Armour
  5778 | D:6      | Reached XP level 8. HP: 17/63 MP: 5/8
  5794 | D:5      | Reached skill level 5 in Shields
  6033 | D:6      | Reached ** piety under Okawaru
  6356 | D:6      | Reached skill level 1 in Invocations
  6507 | D:6      | Found a shimmering altar of Xom.
  6614 | D:6      | Reached skill level 5 in Maces & Flails
  6703 | D:6      | HP: 3/64 [something (6)]
  7369 | D:6      | Found a shadowy altar of Dithmenos.
  7613 | D:6      | Found a bloodstained altar of Trog.
  7669 | D:7      | Found a basalt altar of Yredelemnul.
  7669 | D:7      | Found a sparkling altar of Nemelex Xobeh.
  7670 | D:7      | Found a white marble altar of Elyvilon.
  7823 | D:7      | Gained mutation: You are partially covered in sharp spines.
                  | [demonic ancestry]
  7823 | D:7      | Reached XP level 9. HP: 41/71 MP: 11/11
  7977 | D:7      | Reached *** piety under Okawaru
  7978 | D:7      | Reached skill level 6 in Armour
  9004 | D:8      | Reached skill level 5 in Invocations
  9100 | D:8      | Noticed Grum
  9104 | D:8      | Noticed Erica
  9108 | D:8      | Noticed Maurice
  9110 | D:8      | Noticed Joseph
  9112 | D:8      | Reached **** piety under Okawaru
  9112 | D:8      | Reached skill level 7 in Armour
  9120 | D:8      | Found a glowing golden altar of the Shining One.
  9390 | D:8      | Killed Erica
  9390 | D:8      | Reached XP level 10. HP: 63/79 MP: 12/14
  9596 | D:8      | Killed Grum
  9754 | D:8      | Reached ***** piety under Okawaru
  9919 | D:8      | Killed Joseph
 10025 | D:9      | Reached skill level 8 in Armour
 10076 | D:9      | Noticed a centaur warrior
 10091 | D:9      | Killed a centaur warrior
 10131 | D:9      | Noticed a deep troll earth mage
 10159 | D:9      | Killed a deep troll earth mage
 10159 | D:9      | Reached skill level 9 in Armour
 10429 | D:9      | Received a gift from Okawaru
 10429 | D:9      | Gained mutation: You have very sharp fingernails. [demonic
                  | ancestry]
 10429 | D:9      | Reached XP level 11. HP: 85/87 MP: 16/16
 10704 | D:9      | Noticed a two-headed ogre
 11063 | D:8      | Killed a two-headed ogre
 11094 | D:8      | Killed Maurice
 11094 | D:8      | Reached skill level 10 in Armour
 11218 | D:9      | Found a staircase to the Orcish Mines.
 11218 | D:9      | Found a staircase to the Lair.
 11722 | D:10     | Entered Level 10 of the Dungeon
 12004 | D:10     | Found a shimmering altar of Xom.
 12304 | D:10     | Noticed Harold
 12373 | D:9      | Killed Harold
 12373 | D:9      | Reached skill level 10 in Fighting
 12534 | D:10     | Found Faom's Jewellery Boutique.
 12563 | D:10     | Noticed a two-headed ogre
 12569 | D:10     | Killed a two-headed ogre
 12569 | D:10     | Reached skill level 11 in Armour
 12609 | D:10     | Noticed a two-headed ogre
 12621 | D:10     | Killed a two-headed ogre
 12621 | D:10     | Gained mutation: You are mostly covered in sharp spines.
                  | [demonic ancestry]
 12621 | D:10     | Reached XP level 12. HP: 96/97 MP: 17/17
 13581 | D:11     | Paralysed by a hornet for 1 turns
 13583 | D:11     | Paralysed by a hornet for 1 turns
 13787 | D:11     | Found Quusk's Antique Armour Boutique.
 13822 | D:11     | Found Azxearot's Elemental Accessories.
 13822 | D:11     | Noticed Snorg
 13859 | D:11     | Killed Snorg
 14660 | D:12     | Noticed Fannar
 14682 | D:11     | Killed from afar by Fannar

Illustrated notes

Levels and vault maps discovered:
D:1:      dpeg_arrival_central, layout_loops_ring
D:2:      layout_rooms, lemuel_doored_altar, old_standard_altar, first_ration
D:3:      layout_basic, nicolae_overflow_hidden_temple, lemuel_crystal_altar,
          lemuel_crystal_altar, okawaru_gym_becter,
          grunt_temple_overflow_diamond
D:4:      layout_loops_cross, minmay_temple_entry_glassed_door,
          hangedman_abyss_or_decor_stabs, cheibrodos_ashenzari_chains
D:5:      layout_basic, kennysheep_mini_moat, st_stairs_2, zaba_anthole
D:6:      layout_loops_ring, lightli_temple_of_fire, grunt_dithmenos_shadows,
          tgw_xom
D:7:      layout_loops_ring, grunt_temple_overflow_open
D:8:      layout_cave_pools, nicolae_tso_besieged_by_evil, blue_anna_alchemist
          [blue_anna_fruit_fields, blue_anna_fruit_fields], uniq_joseph,
          uniq_grum, uniq_erica, uniq_maurice
D:9:      minmay_shrinking_squares, layout_rooms, due_lair_maze_entry_diamond
D:10:     layout_gridville, basic_altar, serial_shops, nicolae_shop_trees,
          uniq_harold
D:11:     layout_layer_cave, serial_shops, kennysheep_little_box,
          nicolae_elemental_shop, grunt_ministairs_2, uniq_snorg
D:12:     layout_basic, uniq_fannar

Skill      XL: |  1  2  3  4  5  6  7  8  9 10 11 |
---------------+----------------------------------+-----
Maces & Flails | 2 3 4 5 6 7 9 |  9.3
Shields        | 3 4 5 6 |  6.2
Armour         | 3 4 5 7 9 11 | 11.6
Fighting       | 4 5 6 7 8 10 | 10.4
Invocations    | 3 6 7 |  7.0

Action                   |  1- 3 |  4- 6 |  7- 9 | 10-12 || total
-------------------------+-------+-------+-------+-------++-------
Melee: Flail             |   132 |   202 |   157 |       ||   491
       Morningstar       |       |       |   208 |   569 ||   777
Invok: Heroism           |       |       |     3 |     6 ||     9
       Finesse           |       |       |       |     2 ||     2
Evoke: Wand              |       |       |       |     4 ||     4
  Use: Potion            |       |       |     3 |     1 ||     4
       Scroll            |       |       |     2 |     3 ||     5
  Eat: Chunk             |     3 |     5 |    16 |    18 ||    42
       Ration            |       |     1 |     1 |       ||     2
Armor: Scale mail        |    74 |    93 |   179 |       ||   346
       Crystal plate arm |       |       |   102 |   328 ||   430
Dodge: Dodged            |    43 |    56 |   150 |   171 ||   420
Block: Kite shield       |    86 |   126 |   273 |   369 ||   854
